 Dungeon Crawl Stone Soup version 0.30.2 (webtiles) character file.

Game seed: 9036717825900243750

396 porpoise the Poker (level 6, -6/48 HPs)
             Began as a Demonspawn Gladiator on Apr 14, 2024.
             Killed by divine providence
             ... invoked by an orc priest
              (9 damage)
             ... on level 4 of the Dungeon.
             The game lasted 00:08:52 (3325 turns).

porpoise the Poker (Demonspawn Gladiator)           Turns: 3325, Time: 00:08:52

Health: -6/48      AC: 12    Str: 17    XL:     6   Next: 52%
Magic:  6/6        EV: 18    Int:  9    God:
Gold:   163        SH:  0    Dex: 16    Spells: 5/5 levels left

rFire   . . .        a - +0 trident
rCold   . . .        (no shield)
rNeg    . . .        l - +3 ring mail of the Stopping Gods {Dex+2}
rPois   .            c - +0 helmet
rElec   .            u - +1 cloak
rCorr   .            p - +0 pair of gloves
SInv    .            (no boots)
Will    .....        (no amulet)
Stlth   +            (no ring)
HPRegen 0.28/turn    (no ring)
MPRegen 0.10/turn

%: no passive effects
@: agile
A: repulsion field 1, powered by pain 1
a: no special abilities


You were on level 4 of the Dungeon.
You visited 1 branch of the dungeon, and saw 4 of its levels.

You collected 163 gold pieces.

Inventory:

Hand Weapons
 a - a +0 trident (weapon)
 b - a +0 sling
Missiles
 d - 3 throwing nets (quivered)
 e - a javelin
Armour
 c - a +0 helmet (worn)
 l - the +3 ring mail of the Stopping Gods (worn) {Dex+2}
   (You found it on level 2 of the Dungeon)

   Dex:       It affects your dexterity (+2).
 p - a +0 pair of gloves (worn)
 u - a +1 cloak (worn)
Wands
 w - a wand of flame (27)
 A - a wand of iceblast (10)
Scrolls
 i - 2 scrolls of teleportation
 j - 2 scrolls of amnesia
 m - 2 scrolls of identify {unknown}
 n - a scroll of noise {unknown}
 o - 3 scrolls of poison
 r - a scroll of acquirement {unknown}
 s - 2 scrolls of vulnerability {unknown}
 y - a scroll of blinking {unknown}
 z - a scroll of enchant weapon {unknown}
Potions
 f - 5 potions of curing {unknown}
 g - a potion of attraction {unknown}
 h - 2 potions of magic {unknown}
 k - a potion of flight {unknown}
 q - 2 potions of mutation {unknown}
 t - a potion of heal wounds {unknown}
 v - a potion of haste {unknown}
 x - a potion of might {unknown}


   Skills:
 + Level 4.3 Fighting
 * Level 5.7 Polearms
 - Level 1.7 Throwing
 - Level 2.6 Dodging


You had 5 spell levels left.
You didn't know any spells.
Your spell library contained the following spells:

 Spells                   Type           Power      Damage    Failure   Level
 Kiss of Death            Conj/Necr      0%         2d5       58%         1
 Lesser Beckoning         Tloc           0%         N/A       75%         2
 Confusing Touch          Hex            0%         N/A       92%         3
 Gell's Gravitas          Tloc           0%         N/A       92%         3
 Teleport Other           Tloc           0%         N/A       92%         3
 Dispel Undead            Necr           0%         3d6       100%        4
 Simulacrum               Ice/Necr       0%         N/A       100%        6
 Ozocubu's Refrigeration  Ice            0%         4d7       100%        7
 Polar Vortex             Ice            0%         N/A       100%        9


Dungeon Overview and Level Annotations

Branches:
Dungeon (4/15)
 Temple: D:4-7

Altars:

Shops:
D:2 ?   D:3 [[=(


Innate Abilities, Weirdness & Mutations

You are surrounded by a mild repulsion field. (EV +2)
You sometimes gain a little power by taking damage.


Message History

The hound completely misses you.
You closely miss the hound.
The hound is lightly wounded.
The hound bites you but does no damage. The hound misses you.
You hit the hound but do no damage.
The hound is lightly wounded.
The hound bites you but does no damage.
You closely miss the hound.
The hound is lightly wounded.
The hound misses you.
The orc priest calls down the wrath of Beogh upon you.
Beogh smites you!
* * * LOW HITPOINT WARNING * * *
The hound barely misses you.
You closely miss the hound.
The hound is lightly wounded.
The hound bites you but does no damage.
You closely miss the hound.
The hound is lightly wounded.
The hound barely misses you. The hound misses you.
You barely miss the hound.
The hound is lightly wounded.
The hound bites you but does no damage.
You closely miss the hound.
The hound is lightly wounded.
The hound closely misses you. The hound bites you but does no damage.
You puncture the hound!
The hound is heavily wounded.
The hound bites you but does no damage.
You barely miss the hound.
The hound is heavily wounded.
The hound bites you but does no damage. The hound closely misses you.
You puncture the hound!
The hound is almost dead.
The hound completely misses you. The hound misses you.
You puncture the hound!
You kill the hound!
The orc priest invokes the aid of Beogh against you.
Beogh smites you!
You die...

.#.#.....###.....................
.#.#.........#........###########
.#.#.#########........'.#...###
.#...........'........#.#.....#
.....#...#####........#.###.#.#
'#####...# #........#.# #.#.#
.........# #........#.# #.#.###
>........# #........#.# #.#..).
.........# #..@)....#.# #.#####
########## ####o#####.# #.# #
.o.. #.# #.# + #.K..# #.###.# #
.....# #.....# # ......# #######
.. ...?..# ... .......# [..


You could see an orc priest, an orc and a kobold.

Vanquished Creatures
  2 black bears (D:4)
  A scorpion (D:4)
  2 hounds (D:4)
  2 iguanas (D:4)
  2 adders
  A dart slug (D:4)
  2 orcs (D:4)
  6 endoplasms
  A giant cockroach (D:2)
  7 goblins
  5 hobgoblins
  4 quokkas
  3 ball pythons
  6 bats
  5 frilled lizards
  5 kobolds
  2 rats
56 creatures vanquished.

Notes
Turn   | Place    | Note
-------+----------+-------------------------------------------
     0 | D:1      | porpoise the Demonspawn Gladiator began the quest for the
                  | Orb.
     0 | D:1      | Reached XP level 1. HP: 16/16 MP: 1/1
   103 | D:1      | Reached skill level 3 in Polearms
   149 | D:1      | Gained mutation: You sometimes gain a little power by
                  | taking damage. [demonic ancestry]
   149 | D:1      | Reached XP level 2. HP: 22/22 MP: 2/2
   622 | D:2      | Identified the +3 ring mail of the Stopping Gods {Dex+2}
   664 | D:2      | Found Ziopruaq's Magic Scroll Boutique.
  1005 | D:2      | Reached XP level 3. HP: 28/28 MP: 3/3
  1855 | D:3      | Found Luybeciu's Antique Weapon Shoppe.
  2025 | D:3      | Found Kub Nuhu's Antique Armour Shoppe.
  2192 | D:3      | Found Jedex's Jewellery Shop.
  2265 | D:3      | Found Guusk's Antique Armour Boutique.
  2406 | D:4      | Reached skill level 4 in Polearms
  2406 | D:4      | Reached XP level 4. HP: 12/35 MP: 4/4
  2580 | D:4      | Noticed a black bear
  2593 | D:4      | Killed a black bear
  2594 | D:4      | Reached XP level 5. HP: 15/41 MP: 5/5
  2708 | D:4      | Reached skill level 5 in Polearms
  2762 | D:4      | Noticed a black bear
  2776 | D:4      | Killed a black bear
  2777 | D:4      | Gained mutation: You are surrounded by a mild repulsion
                  | field. (EV +2) [demonic ancestry]
  2777 | D:4      | Reached XP level 6. HP: 26/48 MP: 6/6
  3317 | D:4      | HP: 1/48 [orc priest/divine providence (16)]
  3325 | D:4      | Killed from afar by an orc priest

Illustrated notes

Levels and vault maps discovered:
D:1:      roderic_chinese_lattice_arrival, layout_rooms
D:2:      layout_loops_corners, serial_shops, shop,
          chequers_serial_rivers_micro_b
D:3:      layout_loops_ring, serial_shops, nicolae_shop_tiny_real_fake_doors,
          nicolae_shop_back_alley_shop, nicolae_shop_tiny_waterfront, shop
D:4:      layout_basic, hangedman_abyss_or_decor_passed

Skill      XL: |  1  2  3  4  5 |
---------------+----------------+-----
Polearms       | 3 4 5 |  5.7
Fighting       | 3 4 |  4.3
Throwing       | |  1.7
Dodging        | |  2.6

Action                     |  1- 3 |  4- 6 || total
---------------------------+-------+-------++-------
  Melee: Trident           |   130 |    97 ||   227
         Punch             |       |     1 ||     1
    Use: Scroll            |     3 |       ||     3
 Armour: Leather armour    |     3 |       ||     3
         Ring mail         |    36 |    53 ||    89
  Dodge: Dodged            |    54 |    74 ||   128
